Map: Frost LE

Players

LiquidTLO (TLO) - Winner!

  • Race: Zerg Zerg
  • League: Grandmaster

lllIlIllIlll (DnS)

  • Race: Terran Terran
  • League: Master

VOD

Have the link to the VOD?

Description

Time

  • Played on: July 6, 2016, 12:48 p.m.
  • Length: 10:52
Show
View Real Time Build Order
Export as new Build Order

LiquidTLO Zerg - Winner!

Build Orders: Hatch First 

Get SALT Encoding   

  12  0:00  Drone  
  13  0:13  Overlord  
  13  0:17  Drone  
  14  0:31  Drone x2  
  16  0:37  Drone  
  17  0:52  Hatchery  
  17  0:55  Drone  
  17  0:59  Drone  
  17  1:02  Extractor  
  17  1:14  Spawning Pool  
  17  1:17  Drone  
  17  1:20  Drone  
  18  1:29  Drone  
  19  1:39  Overlord  
  19  2:01  Queen  
  21  2:02  Metabolic Boost  
  21  2:05  Queen  
  21  2:06  Zergling x4  
  25  2:10  Drone  
  25  2:12  Drone  
  25  2:15  Drone  
  28  2:26  Drone x2  
  30  2:42  Drone  
  30  2:47  Zergling x4  
  30  2:50  Zergling x2  
  33  2:55  Drone  
  34  2:59  Zergling x2  
  34  3:02  Hatchery  
  34  3:04  Queen  
  36  3:06  Overlord  
  36  3:10  Overlord  
  36  3:14  Overlord  
  35  3:22  Overlord, Zergling x2  
  35  3:26  Drone x2  
  37  3:27  Extractor  
  37  3:29  Zergling x2  
  37  3:33  Drone  
  38  3:34  Drone  
  38  3:37  Drone  
  41  3:43  Drone  
  41  3:44  Drone  
  43  3:52  Queen  
  43  3:54  Overlord  
  43  3:55  Drone  
  46  3:57  Drone  
  47  4:04  Drone  
  47  4:05  Drone  
  47  4:08  Drone  
  47  4:09  Drone  
  51  4:12  Evolution Chamber  
  51  4:13  Drone  
  51  4:14  Drone  
  52  4:20  Drone  
  52  4:21  Drone x2  
  55  4:25  Drone  
  55  4:26  Drone  
  55  4:27  Drone x2  
  55  4:28  Drone  
  55  4:29  Drone  
  61  4:32  Drone x2  
  61  4:35  Drone  
  61  4:36  Drone  
  65  4:38  Extractor  
  65  4:39  Zerg Melee Weapons Level 1  
  65  4:42  Evolution Chamber  
  63  4:47  Drone  
  63  4:48  Zergling x2, Spine Crawler  
  63  4:51  Drone x2  
  66  4:57  Overlord  
  66  4:59  Baneling Nest  
  65  5:02  Spore Crawler  
  65  5:03  Zergling x4  
  65  5:04  Zergling x2  
  66  5:08  Drone x2  
  66  5:09  Drone  
  66  5:12  Drone  
  70  5:14  Zerg Ground Armor Level 1  
  70  5:15  Extractor  
  70  5:17  Drone  
  70  5:18  Drone  
  70  5:19  Zergling x2  
  70  5:20  Zergling x2  
  73  5:23  Drone x2  
  75  5:29  Zergling x2  
  75  5:30  Zergling x2  
  75  5:32  Spore Crawler  
  68  5:37  Zergling x4  
  68  5:38  Zergling x2  
  68  5:39  Zergling x2  
  68  5:40  Queen  
  68  5:41  Drone  
  70  5:43  Drone  
  70  5:46  Zergling x4  
  70  5:48  Extractor  
  72  5:51  Zergling x4  
  72  5:53  Queen  
  72  5:54  Lair  
  76  5:57  Drone x2  
  76  5:58  Drone  
  76  6:00  Drone x2  
  76  6:01  Zergling x2  
  76  6:03  Drone  
  83  6:05  Extractor, Zergling x2  
  83  6:10  Zergling x2  
  84  6:15  Overlord  
  84  6:17  Baneling x3  
  84  6:18  Baneling x8  
  84  6:21  Baneling x2  
  84  6:23  Drone  
  85  6:28  Drone  
  85  6:29  Extractor, Zergling x4  
  85  6:31  Burrow, Zergling x2  
  85  6:32  Zergling x2  
  84  6:43  Drone  
  84  6:44  Zergling x8  
  84  6:45  Zergling x2  
  84  6:46  Zergling x2  
  90  6:47  Zergling x2  
  90  6:48  Zergling x2  
  90  6:49  Overlord  
  90  6:52  Centrifical Hooks  
  92  6:55  Zergling x2  
  92  6:56  Infestation Pit, Zergling x2  
  92  6:57  Queen x2  
  93  7:02  Zergling x2  
  93  7:03  Zergling x4  
  93  7:04  Zergling x2  
  93  7:05  Baneling x2  
  93  7:06  Zerg Melee Weapons Level 2, Baneling  
  93  7:08  Zergling x2, Drone  
  99  7:12  Zergling x2  
  96  7:19  Zergling x6  
  89  7:24  Zergling x2  
  89  7:26  Zerg Ground Armor Level 2  
  89  7:27  Zergling x2  
  91  7:30  Drone  
  91  7:31  Zergling x4  
  91  7:32  Zergling x4, Queen  
  91  7:33  Zergling x2  
  99  7:37  Hive  
  99  7:42  Spore Crawler  
  99  7:43  Zergling x2, Drone  
  99  7:45  Zergling x2, Spore Crawler  
  99  7:46  Zergling x2, Spore Crawler  
  99  7:47  Zergling x2  
  99  7:48  Zergling x4  
  99  7:49  Zergling x2  
  97  7:54  Pathogen Glands  
  97  7:56  Drone  
  96  7:59  Drone  
  97  8:09  Drone  
  97  8:10  Drone  
  97  8:11  Roach Warren  
  98  8:13  Drone x2  
  98  8:14  Infestor  
  98  8:16  Zergling x4  
  98  8:19  Zergling x2  
  105  8:20  Zergling x2  
  105  8:21  Zergling x2, Hatchery  
  106  8:30  Overlord  
  106  8:31  Overlord  
  105  8:38  Overlord  
  105  8:39  Overlord, Zergling x2  
  106  8:41  Overlord x3  
  106  8:44  Baneling x3  
  104  8:48  Zergling x2  
  104  8:49  Zergling x2  
  104  8:51  Zergling x4  
  105  8:56  Adrenal Glands  
  105  8:57  Zergling x2  
  105  8:59  Zergling x2, Ultralisk Cavern  
  105  9:00  Zergling x2  
  105  9:01  Zergling x2  
  106  9:03  Zergling x4, Baneling x3  
  106  9:08  Zergling x2  
  106  9:09  Zergling x2  
  108  9:10  Zergling x2  
  108  9:12  Zergling x4  
  108  9:15  Zergling x2  
  108  9:16  Zergling x4  
  111  9:17  Zergling x2  
  111  9:18  Zergling x4  
  111  9:23  Drone x2  
  111  9:25  Drone  
  111  9:27  Baneling x4  
  111  9:28  Infestor  
  111  9:32  Baneling x3  
  111  9:33  Baneling  
  111  9:35  Infestor  
  111  9:36  Drone  
  112  9:39  Drone  
  112  9:46  Ultralisk  
  112  9:47  Ultralisk  
  112  9:52  Ultralisk  
  129  9:56  Ultralisk  
  132  10:01  Zergling x4  
  132  10:02  Zergling x4  
  132  10:03  Overlord, Zergling x2  
  132  10:04  Baneling x2  
  133  10:10  Ultralisk  
  138  10:16  Zergling x2  
  145  10:28  Zergling x4  
  152  10:33  Zergling x6  
  152  10:38  Extractor, Drone x2  
  152  10:39  Extractor, Drone x2  
Show
View Real Time Build Order
Export as new Build Order

lllIlIllIlll Terran 

Build Orders: Reaper Expand, MMM Bio 

Get SALT Encoding   

  12  0:01  SCV  
  13  0:14  SCV  
  14  0:17  Supply Depot  
  14  0:26  SCV  
  15  0:39  SCV  
  15  0:40  Barracks  
  16  0:45  Refinery  
  16  0:51  SCV  
  17  1:03  SCV  
  18  1:15  SCV  
  19  1:27  Orbital Command  
  19  1:28  Reaper  
  20  1:46  Command Center  
  20  1:53  SCV  
  21  2:01  Barracks  
  21  2:03  Barracks Reactor  
  21  2:05  SCV  
  22  2:12  Supply Depot  
  22  2:17  SCV  
  23  2:25  Refinery  
  23  2:34  SCV  
  24  2:37  Factory  
  24  2:41  Marine x2  
  26  2:46  SCV  
  26  2:48  Barracks Tech Lab  
  28  2:58  SCV  
  28  3:00  Orbital Command  
  28  3:01  Marine  
  29  3:08  Stimpack  
  29  3:09  Marine  
  29  3:12  Marine  
  31  3:15  SCV  
  31  3:23  Marine  
  32  3:29  Starport  
  32  3:31  Factory Reactor  
  32  3:33  Marine  
  33  3:37  SCV  
  33  3:39  Marine  
  33  3:41  Marine  
  36  3:50  SCV  
  36  3:51  Supply Depot, Marine  
  38  3:56  Orbital Command  
  38  3:57  Marine  
  38  3:59  Marine  
  40  4:06  Supply Depot  
  40  4:09  Marine  
  41  4:11  SCV  
  41  4:13  Medivac  
  41  4:14  Medivac  
  41  4:15  Marine  
  47  4:18  Marine  
  48  4:27  Reaper  
  48  4:29  SCV x2  
  50  4:39  Supply Depot  
  50  4:41  Engineering Bay  
  50  4:43  Engineering Bay  
  50  4:45  Engineering Bay  
  50  4:46  Supply Depot  
  50  4:49  SCV  
  51  4:53  SCV  
  51  4:58  Marine  
  51  4:59  Marine  
  54  5:01  SCV  
  54  5:05  SCV  
  54  5:07  Marine  
  55  5:14  Refinery, SCV  
  57  5:16  Marine  
  57  5:17  SCV  
  57  5:18  Combat Shields  
  59  5:22  Marine  
  59  5:24  Marine  
  59  5:26  SCV  
  62  5:29  SCV  
  58  5:38  SCV  
  58  5:41  SCV  
  59  5:44  Marine x2, Medivac x2  
  59  5:49  Refinery, Marine  
  66  5:50  SCV  
  66  5:53  SCV  
  68  6:01  Command Center  
  68  6:02  SCV  
  69  6:05  Factory Reactor  
  69  6:08  Supply Depot, Barracks, SCV  
  70  6:12  Marine  
  70  6:13  Marine  
  70  6:14  SCV  
  70  6:17  Liberator  
  73  6:19  Liberator  
  73  6:20  SCV  
  73  6:21  Marine  
  75  6:26  SCV  
  75  6:30  Marine  
  75  6:31  Marine  
  75  6:32  SCV  
  79  6:39  Marine  
  86  6:52  Engineering Bay  
  86  6:53  Engineering Bay  
  83  7:04  Supply Depot  
  83  7:06  Supply Depot  
  77  7:23  Marine x2, SCV x2  
  77  7:24  Marine  
  74  7:30  Orbital Command  
  74  7:33  Barracks Reactor  
  74  7:35  SCV x2  
  74  7:36  Terran Infantry Weapons Level 1  
  74  7:37  Terran Infantry Armor Level 1  
  74  7:40  Marine  
  74  7:41  Barracks  
  74  7:43  Barracks  
  75  7:47  SCV x2  
  72  7:57  Marine x3  
  76  7:59  Marine, SCV x2  
  76  8:03  Marine  
  76  8:04  Medivac  
  76  8:05  Medivac  
  83  8:11  SCV x2  
  85  8:15  Marine x3, Factory Reactor  
  88  8:23  Supply Depot x2, Marine  
  88  8:25  Marine  
  90  8:32  Marine  
  91  8:34  Barracks Reactor x2, Medivac  
  93  8:44  Marine x3  
  93  8:45  Medivac  
  98  8:52  SCV  
  85  8:55  SCV  
  85  9:02  Marine  
  86  9:04  SCV  
  86  9:08  SCV  
  86  9:09  Marine x2  
  87  9:10  Marine  
  87  9:14  Marine x2  
  87  9:15  Marine x2  
  87  9:16  SCV  
  86  9:20  Marine, Orbital Command  
  80  9:27  Marine x3  
  80  9:29  Liberator  
  80  9:32  Marine  
  74  9:42  SCV x2  
  74  9:44  Marine x2  
  74  9:45  Marine x2  
  80  9:47  SCV  
  80  9:54  SCV  
  80  9:57  SCV  
  80  9:58  Marine x2  
  83  10:01  Marine  
  83  10:03  SCV  
  83  10:06  Marine, SCV  
  85  10:07  Marine x2  
  85  10:11  SCV  
  88  10:15  SCV  
  89  10:24  Marine, SCV  
  89  10:25  Marine x2  
  89  10:26  SCV  
  94  10:29  SCV  
  94  10:32  Marine  
  88  10:36  SCV  
  88  10:38  SCV  
Tags
 
Add a new tag
Caveats
  • Supply blocks, unpowered buildings, or Contaminate may cause inaccurate times.
  • Supply counts are checked every 10 seconds.